 Dungeon Crawl Stone Soup version 0.25.1-2-g60ff931df9 (webtiles) character file.

Game seed: 16283598279885687182

28900 DogServant the Carver (level 13, -9/101 HPs)
             Began as a Demonspawn Gladiator on Oct 22, 2020.
             Was a High Priest of Kikubaaqudgha.
             Killed from afar by an ogre mage (15 damage)
             ... with a bolt of poison
             ... on level 2 of the Orcish Mines.
             The game lasted 00:45:35 (21138 turns).

DogServant the Carver (Demonspawn Gladiator)       Turns: 21138, Time: 00:45:36

Health: -9/101     AC:  8    Str: 24      XL:     13   Next: 12%
Magic:  0/17       EV: 18    Int: 14 (17) God:    Kikubaaqudgha [*****.]
Gold:   487        SH:  6    Dex: 15      Spells: 10/18 levels left

rFire    . . .     SeeInvis .   a - +1 long sword
rCold    + + .     Gourm    .   (no shield)
rNeg     . . .     Faith    .   v - +2 troll leather armour
rPois    .         Spirit   +   c - +0 helmet
rElec    +         Reflect  .   Q - scarf {rC+ rF+}
rCorr    .         Harm     .   (no gloves)
MR       +....                  (no boots)
Stlth    +.........             H - amulet of magic regeneration
HPRegen  0.66/turn              K - ring of Tyrch {rElec rF- rC+ MR+ Int+8}
MPRegen  0.55/turn              j - +6 ring of strength

@: lethally poisoned (-9 -> -11)
A: hooves 2, large bone plates 2, dopey 1, mutation resistance 1, spiny 1, magic
shield, magic regeneration
a: Receive Corpses, Torment, Renounce Religion


You were on level 2 of the Orcish Mines.
You worshipped Kikubaaqudgha.
Kikubaaqudgha was extremely pleased with you.
You were near starving.

You visited 3 branches of the dungeon, and saw 17 of its levels.
You also visited: Ossuary.

You collected 1777 gold pieces.
You spent 1290 gold pieces at shops.

Inventory:

Hand Weapons
 a - a +1 long sword (weapon)
Missiles
 w - 14 poisoned darts
 J - a throwing net (quivered)
Armour
 c - a +0 helmet (worn)
 v - a +2 troll leather armour (worn)
 y - a +0 ring mail
 B - a cursed +0 kite shield
 Q - a scarf of resistance (worn)
Magical Staves
 d - an uncursed staff of wizardry
Jewellery
 j - a +6 ring of strength (right hand)
 u - a +6 ring of dexterity
 C - a +4 ring of evasion
 H - an amulet of magic regeneration (around neck)
 K - the ring of Tyrch (left hand) {rElec rF- rC+ MR+ Int+8}
   (You found it on level 8 of the Dungeon)

   [ring of protection from cold]

   It affects your intelligence (+8).
   It makes you vulnerable to fire.
   It protects you from cold.
   It insulates you from electricity.
   It affects your resistance to hostile enchantments.
 N - an uncursed ring of positive energy
Wands
 z - a wand of paralysis (16)
 L - a wand of acid (1)
 M - a wand of flame (11)
 O - a wand of polymorph (17)
Scrolls
 b - a scroll of torment {unknown}
 e - 4 scrolls of remove curse
 h - 2 scrolls of enchant armour
 i - 6 scrolls of amnesia
 m - 2 scrolls of teleportation
 r - 2 scrolls of blinking
 D - a scroll of enchant weapon
 G - 2 scrolls of holy word
 P - a scroll of fog
Potions
 g - 2 potions of invisibility
 k - 5 potions of curing
 l - a potion of berserk rage
 n - a potion of stabbing
 p - a potion of lignification
 t - 2 potions of haste
 x - a potion of brilliance
 A - a potion of heal wounds
 E - 2 potions of might {unknown}
 F - a potion of flight
 I - a potion of ambrosia
Comestibles
 f - 9 rations


   Skills:
 - Level 9.0 Fighting
 - Level 11.5 Long Blades
 - Level 1.7 Throwing
 + Level 6.2 Armour
 - Level 9.0 Dodging
 - Level 3.0 Spellcasting
 + Level 10.7 Necromancy
 - Level 6.3 Evocations


You had 10 spell levels left.
You knew the following spells:

 Your Spells              Type           Power        Failure   Level  Hunger
a - Animate Skeleton      Necr           N/A          1%          1    #......
b - Vampiric Draining     Necr           ####......   1%          3    ###....
c - Animate Dead          Necr           N/A          2%          4    #####..

Your spell library contained the following spells:

 Spells                   Type           Power        Failure   Level  Hunger
 Pain                     Necr           ####         1%          1    #......
 Sublimation of Blood     Necr           ####......   1%          2    ##.....
 Dispel Undead            Necr           ####....     2%          4    #####..
 Beastly Appendage        Tmut           #.....       24%         1    #......
 Sticks to Snakes         Tmut           #.......     34%         2    ##.....
 Death Channel            Necr           ####......   41%         6    #######
 Confusing Touch          Hex            #.......     56%         3    ###....
 Gell's Gravitas          Tloc           #.........   56%         3    ###....
 Spider Form              Tmut/Pois      #.........   56%         3    ###....
 Borgnjor's Vile Clutch   Necr/Erth      ###.......   58%         5    ######.
 Ice Form                 Ice/Tmut       #.......     93%         4    #####..
 Petrify                  Tmut/Erth      #.......     93%         4    #####..
 Simulacrum               Ice/Necr       ###.......   99%         6    #######
 Blade Hands              Tmut           #.........   100%        5    ######.
 Metabolic Englaciation   Hex/Ice        #.........   100%        5    ######.
 Yara's Violent Unravell  Hex/Tmut       #.........   100%        5    ######.


Dungeon Overview and Level Annotations

Branches:
Dungeon (12/15)            Temple (0/1) D:6            Lair (3/6) D:10
  Snake (0/4) Lair:3          Orc (2/2) D:10            Elf (0/3) Orc:2
Ossuary (visited)
  Swamp: Lair:2-4    Shoals: Lair:2-4

Altars:
Cheibriados
Dithmenos
Elyvilon
Gozag
Hepliaklqana
Kikubaaqudgha
Makhleb
Okawaru
Qazlal
Sif Muna
Trog
Uskayaw
Vehumet
Xom
Jiyva

Shops:
D:4 =(   D:10 ?   Orc:1 [:!*!   Orc:2 (%[!

Portals:
Trove: D:11 (give +3 shadow dragon scales)

Annotations:
D:10 exclusion: obsidian statue
D:11 2 runed translucent doors
Lair:1 3 runed translucent doors, Saltbearer's ghost, journeyman DEEE
Lair:3 Gastronok


Innate Abilities, Weirdness & Mutations

You have hoof-like feet.
You are mostly covered in large bone plates. (SH +6)
You are partially covered in sharp spines.
When hurt, damage is shared between your health and your magic reserves.
You regenerate magic rapidly.
You are dopey. (Int -2)
You are somewhat resistant to further mutation.


Message History

A warg comes into view.
The warg howls!
An ogre and a two-headed ogre come into view.
The two-headed ogre shouts in stereo!
The ogre shouts!
An ogre mage comes into view. It is wielding a +0 spear.
The ogre mage shouts!
You slash the two-headed ogre! Your kick misses the two-headed ogre.
The two-headed ogre is lightly wounded.
The ogre mage gestures wildly while chanting.
The ogre mage flickers and vanishes!
Deactivating autopickup; reactivate with Ctrl-A.
The ogre shouts!
The warg howls!
The ogre is struck by your spines. The ogre hits you with a +0 giant club!
* * * LOW HITPOINT WARNING * * *
You hear some strange, mumbled words.
A bolt of poison appears from out of thin air!
The bolt of poison hits you!!
You are poisoned.
You die...
Kikubaaqudgha rasps: "You have failed me!
Welcome... death!"

...Oh........................###.
.O........................### ##
..........................### #.
............................## ##
...O...............O.........####
....O.........................##.
................hO...........##.#
..........h....O.............#...
..........O.....@O..#)...##...#..
#.........................##.....
..................#......##......
.................#...{..##.......
.................<.......).......
.#...................)[[#....##..
#........................#....#..
..............................#..
...............<...............#.


You could see 2 two-headed ogres, 2 wargs and 3 ogres.

Vanquished Creatures
  A hydra (Lair:1)
  A death knight (D:11)
  5 two-headed ogres
  Nergalle (Lair:3)
  Sonja (Lair:1)
  3 skeletal warriors
  A manticore (D:8)
  A black mamba (Lair:3)
  2 centaur zombies
  A spiny frog (Lair:3)
  2 komodo dragons
  A rime drake (Lair:3)
  A freezing wraith (D:11)
  5 trolls
  A hornet (D:8)
  4 hippogriffs
  A shadow (D:11)
  2 wraiths (D:11)
  12 yaks
  A hungry ghost (D:10)
  A basilisk (Lair:1)
  A naga (Lair:3)
  A warg (Orc:2)
  5 water moccasins
  12 porcupines
  12 orc warriors
  3 ice beasts
  A black bear (D:10)
  7 sky beasts
  20 ogres
  A necrophage (D:9)
  5 wolves (Lair:1)
  7 centaurs
  5 crocodiles
  A big kobold (D:10)
  12 bullfrogs
  A wyvern zombie (D:9)
  3 water moccasin zombies (Ossuary)
  A wyvern skeleton (D:10)
  A scorpion (D:4)
  7 jellies
  6 wights
  16 killer bees
  2 vampire bats (D:8)
  3 howler monkeys
  5 crimson imps
  A bullfrog zombie (D:5)
  3 hounds
  8 orc priests
  12 orc wizards
  2 centaur skeletons
  4 bullfrog skeletons
  7 iguanas
  14 worker ants
  2 killer bee zombies
  3 big kobold zombies (Ossuary)
  A hound skeleton (D:7)
  2 mummies (Ossuary)
  4 gnolls (D:8)
  12 adders
  3 shadow imps
  8 oozes
  6 adder zombies (Ossuary)
  2 adder skeletons
  2 worms
  5 dart slugs
  4 leopard geckos
  48 orcs
  2 ball pythons
  5 bats
  5 bat skeletons (D:8)
  A bat zombie (D:8)
  3 giant cockroaches
  2 gnoll zombies (Ossuary)
  8 goblins
  10 hobgoblins
  18 jackals
  6 quokkas
  A ball python skeleton (D:6)
  5 frilled lizards
  6 hobgoblin zombies (Ossuary)
  A jackal skeleton (D:5)
  A jackal zombie (D:9)
  16 kobolds
  4 kobold zombies (Ossuary)
  A leopard gecko skeleton (D:7)
  3 orc zombies (Ossuary)
  A quokka skeleton (D:4)
  7 rats
445 creatures vanquished.

Vanquished Creatures (collateral kills)
  Snorg (D:11)
  A hydra (Lair:1)
  3 two-headed ogres
  A centaur skeleton (D:10)
  A hippogriff (D:9)
  A yak (D:9)
  A warg (Orc:1)
  A naga (Lair:3)
  4 ogres
  A bullfrog (D:10)
  A killer bee (D:9)
  2 orcs (Orc:1)
  A kobold (D:10)
  A fungus (Lair:1)
20 creatures vanquished.

Vanquished Creatures (others)
  A water elemental (D:11)
  An orc wizard (D:7)
  38 fungi
  6 plants
46 creatures vanquished.

Grand Total: 511 creatures vanquished

Notes
Turn   | Place    | Note
-------+----------+-------------------------------------------
     0 | D:1      | DogServant the Demonspawn Gladiator began the quest for the
                  | Orb.
     0 | D:1      | Reached XP level 1. HP: 16/16 MP: 1/1
   172 | D:1      | Reached skill level 3 in Long Blades
   176 | D:1      | Gained mutation: You are partially covered in large bone
                  | plates. (SH +4) [demonic ancestry]
   176 | D:1      | Reached XP level 2. HP: 20/23 MP: 2/2
   725 | D:1      | Gained mutation: You are partially covered in sharp spines.
                  | [demonic ancestry]
   725 | D:1      | Reached XP level 3. HP: 28/28 MP: 3/3
  1150 | D:2      | Found a snail-covered altar of Cheibriados.
  1299 | D:2      | Found a burning altar of Makhleb.
  1299 | D:2      | Found a radiant altar of Vehumet.
  1426 | D:2      | Gained mutation: You are mostly covered in large bone
                  | plates. (SH +6) [demonic ancestry]
  1426 | D:2      | Reached XP level 4. HP: 33/35 MP: 4/4
  1733 | D:2      | Found a white marble altar of Elyvilon.
  2536 | D:3      | Found a hazy altar of Hepliaklqana.
  2620 | D:3      | Reached skill level 4 in Long Blades
  2928 | D:3      | Reached XP level 5. HP: 42/42 MP: 5/5
  3474 | D:4      | Found Fehaz's Weapon Emporium.
  3512 | D:4      | Reached skill level 1 in Armour
  3512 | D:4      | Gained mutation: When hurt, damage is shared between your
                  | health and your magic reserves. [demonic ancestry]
  3512 | D:4      | Reached XP level 6. HP: 20/48 MP: 6/6
  4052 | D:4      | Found an opulent altar of Gozag.
  4141 | D:4      | Found Uxaen's Jewellery Shoppe.
  4168 | D:5      | Entered Level 5 of the Dungeon
  5059 | D:5      | Noticed a sky beast
  5071 | D:5      | Killed a sky beast
  5226 | D:5      | Reached skill level 5 in Long Blades
  5452 | D:5      | Reached XP level 7. HP: 49/54 MP: 5/7
  5901 | D:5      | Found an ancient bone altar of Kikubaaqudgha.
  6028 | D:5      | Became a worshipper of Kikubaaqudgha
  6216 | D:6      | Found a staircase to the Ecumenical Temple.
  6271 | D:6      | Reached skill level 6 in Long Blades
  6271 | D:6      | Reached XP level 8. HP: 53/60 MP: 8/8
  6309 | D:6      | Found a shimmering blue altar of Sif Muna.
  6434 | D:6      | Reached skill level 5 in Dodging
  6547 | D:6      | Found a stormy altar of Qazlal.
  6888 | D:7      | Found a sand-covered staircase.
  6898 | Ossuary  | Entered an ossuary
  6918 | Ossuary  | Reached * piety under Kikubaaqudgha
  6918 | Ossuary  | Identified Kikubaaqudgha's Catalogue of Darkness
                  | (Kikubaaqudgha gifted it to you in an ossuary)
  6918 | Ossuary  | Received a gift from Kikubaaqudgha
  6931 | Ossuary  | Learned a level 1 spell: Animate Skeleton
  6935 | Ossuary  | Learned a level 3 spell: Vampiric Draining
  7066 | Ossuary  | Reached skill level 1 in Necromancy
  7271 | D:7      | Reached ** piety under Kikubaaqudgha
  7327 | D:7      | Reached skill level 5 in Armour
  7416 | D:7      | Reached skill level 7 in Long Blades
  7417 | D:7      | Found a hide-covered altar of Uskayaw.
  7795 | D:7      | Gained mutation: You have large cloven feet. [demonic
                  | ancestry]
  7795 | D:7      | Reached XP level 9. HP: 59/65 MP: 7/9
  8221 | D:8      | Noticed a manticore
  8227 | D:8      | Killed a manticore
  8227 | D:8      | Reached skill level 8 in Long Blades
  8227 | D:8      | Reached skill level 5 in Necromancy
  8334 | D:8      | Got a twitching jade ring
  8421 | D:8      | Found a viscous altar of Jiyva.
  8827 | D:7      | Reached *** piety under Kikubaaqudgha
  8827 | D:7      | Identified Kikubaaqudgha's Incunabulum of Black Secrets
                  | (Kikubaaqudgha gifted it to you on level 7 of the Dungeon)
  8827 | D:7      | Received a gift from Kikubaaqudgha
  8837 | D:7      | Learned a level 4 spell: Animate Dead
  8958 | D:8      | Reached skill level 9 in Long Blades
  9223 | D:8      | Noticed a two-headed ogre
  9241 | D:8      | Killed a two-headed ogre
  9241 | D:8      | Reached XP level 10. HP: 59/72 MP: 2/10
  9420 | D:8      | Found an ancient bone altar of Kikubaaqudgha.
  9756 | D:9      | Noticed a two-headed ogre
  9849 | D:9      | Killed a two-headed ogre
 10008 | D:9      | Found a bloodstained altar of Trog.
 10038 | D:9      | Reached skill level 10 in Long Blades
 10228 | D:9      | Found a shadowy altar of Dithmenos.
 10257 | D:9      | Reached **** piety under Kikubaaqudgha
 10578 | D:9      | Found an iron altar of Okawaru.
 10814 | D:10     | Entered Level 10 of the Dungeon
 10824 | D:10     | Reached skill level 10 in Necromancy
 11231 | D:10     | Gained mutation: You have hoof-like feet. [demonic
                  | ancestry]
 11231 | D:10     | Reached XP level 11. HP: 75/77 MP: 11/11
 11536 | D:10     | Found Esmeqone's Magic Scroll Shop.
 11541 | D:10     | Noticed an obsidian statue
 11761 | D:10     | Identified the ring of Tyrch {rElec rF- rC+ MR+ Int+8} (You
                  | found it on level 8 of the Dungeon)
 11790 | D:10     | Reached skill level 5 in Fighting
 11843 | D:10     | Found a staircase to the Orcish Mines.
 12006 | D:10     | Found a staircase to the Lair.
 12910 | D:11     | Noticed Snorg
 12923 | D:11     | Killed Snorg
 13177 | D:11     | Noticed a skeletal warrior
 13179 | D:11     | Noticed a death knight
 13179 | D:11     | Noticed a skeletal warrior
 13179 | D:11     | Noticed a skeletal warrior
 13200 | D:10     | Killed a skeletal warrior
 13354 | D:12     | Reached ***** piety under Kikubaaqudgha
 13420 | Lair:1   | Entered Level 1 of the Lair of Beasts
 13420 | Lair:1   | Noticed a seven-headed hydra
 13430 | Lair:1   | Killed a seven-headed hydra
 13512 | Lair:1   | Found a runed translucent gate.
 13513 | Lair:1   | Found a runed translucent gate.
 13514 | Lair:1   | Found a runed translucent gate.
 13515 | Lair:1   | Noticed Saltbearer's ghost (journeyman DEEE)
 13734 | Lair:1   | Reached skill level 11 in Long Blades
 13946 | Lair:1   | Noticed Sonja
 13955 | Lair:1   | Killed Sonja
 13955 | Lair:1   | Reached XP level 12. HP: 80/92 MP: 12/12
 14110 | Lair:1   | Noticed a six-headed hydra
 14301 | Lair:1   | Killed a six-headed hydra
 14942 | Lair:2   | Noticed a six-headed hydra
 15261 | Lair:3   | Found a staircase to the Snake Pit.
 15474 | Lair:3   | Noticed Gastronok
 15567 | Lair:3   | Found a shimmering altar of Xom.
 15672 | Lair:3   | Noticed Nergalle
 15694 | Lair:3   | Killed Nergalle
 16393 | D:11     | Reached skill level 1 in Evocations
 16724 | D:11     | Found a large runed translucent door.
 16724 | D:11     | Found a large runed translucent door.
 16730 | D:11     | Found a portal to a secret trove of treasure.
 17200 | D:11     | Killed a death knight
 17213 | D:11     | Reached skill level 5 in Evocations
 18583 | D:12     | Gained mutation: You expend magic power (3 MP) to
                  | strengthen your wands. [potion of mutation]
 18583 | D:12     | Gained mutation: You are resistant to hostile enchantments.
                  | (MR+) [potion of mutation]
 18584 | D:12     | Lost mutation: You expend magic power (3 MP) to strengthen
                  | your wands. [potion of mutation]
 18584 | D:12     | Lost mutation: You are resistant to hostile enchantments.
                  | (MR+) [potion of mutation]
 18584 | D:12     | Gained mutation: You have a pair of small horns on your
                  | head. [potion of mutation]
 18584 | D:12     | Gained mutation: Your mind is acute. (Int +2) [potion of
                  | mutation]
 18585 | D:12     | Lost mutation: Your mind is acute. (Int +2) [potion of
                  | mutation]
 18585 | D:12     | Gained mutation: You are frail. (-10% HP) [potion of
                  | mutation]
 18585 | D:12     | Gained mutation: You possess an exceptional clarity of
                  | mind. [potion of mutation]
 18866 | Lair:2   | Noticed a death yak
 18866 | Lair:2   | Noticed a death yak
 18866 | Lair:2   | Noticed a death yak
 18866 | Lair:2   | Noticed a death yak
 18866 | Lair:2   | Noticed a death yak
 19315 | Orc:1    | Entered Level 1 of the Orcish Mines
 19315 | Orc:1    | Found Dibumud's Distillery.
 20299 | Orc:1    | Bought a potion of heal wounds for 75 gold pieces
 20299 | Orc:1    | Bought a potion of mutation for 120 gold pieces
 20299 | Orc:1    | Lost mutation: You have a pair of small horns on your head.
                  | [potion of mutation]
 20299 | Orc:1    | Lost mutation: You are frail. (-10% HP) [potion of
                  | mutation]
 20299 | Orc:1    | Gained mutation: Armour fits poorly on your strangely
                  | shaped body. [potion of mutation]
 20299 | Orc:1    | Gained mutation: You are somewhat resistant to further
                  | mutation. [potion of mutation]
 20300 | Orc:1    | Bought a potion of mutation for 120 gold pieces
 20300 | Orc:1    | Lost mutation: You possess an exceptional clarity of mind.
                  | [potion of mutation]
 20300 | Orc:1    | Lost mutation: Armour fits poorly on your strangely shaped
                  | body. [potion of mutation]
 20316 | Orc:1    | Found Coceggyit's Armour Shop.
 20328 | Orc:1    | Bought a scarf of resistance for 448 gold pieces
 20391 | Orc:1    | Found Orchiwk's Book Shoppe.
 20412 | Orc:1    | Found an iron altar of Okawaru.
 20458 | Orc:1    | Found Umaityen's Assorted Antiques.
 20464 | Orc:1    | Bought a scroll of teleportation for 90 gold pieces
 20464 | Orc:1    | Bought a scroll of blinking for 225 gold pieces
 20464 | Orc:1    | Bought a scroll labeled ILOEFE KAUNELI for 30 gold pieces
 20472 | Orc:1    | Found Leon Sople's Distillery.
 20480 | Orc:1    | Bought a potion of mutation for 112 gold pieces
 20480 | Orc:1    | Bought a potion of heal wounds for 70 gold pieces
 20480 | Orc:1    | Lost mutation: You are somewhat resistant to further
                  | mutation. [potion of mutation]
 20480 | Orc:1    | Gained mutation: You are dopey. (Int -2) [potion of
                  | mutation]
 20480 | Orc:1    | Gained mutation: You are somewhat resistant to further
                  | mutation. [potion of mutation]
 20680 | Orc:2    | Entered Level 2 of the Orcish Mines
 20680 | Orc:2    | Found a staircase to the Elven Halls.
 20687 | Orc:2    | Reached skill level 1 in Spellcasting
 20818 | Orc:2    | Noticed a two-headed ogre
 20818 | Orc:2    | Noticed a two-headed ogre
 20818 | Orc:2    | Noticed a two-headed ogre
 20823 | Orc:2    | Noticed a two-headed ogre
 20825 | Orc:2    | Noticed a two-headed ogre
 20827 | Orc:2    | Noticed an ogre mage
 20828 | Orc:2    | Noticed an ogre mage
 20829 | Orc:2    | Killed a two-headed ogre
 20834 | Orc:2    | Noticed a two-headed ogre
 20836 | Orc:2    | Killed a two-headed ogre
 20841 | Orc:2    | HP: 2/95 [ogre/cursed -3 giant club (14)]
 21042 | Orc:2    | Noticed a two-headed ogre
 21042 | Orc:2    | Noticed a two-headed ogre
 21044 | Orc:2    | Noticed a two-headed ogre
 21047 | Orc:2    | Gained mutation: You regenerate magic rapidly. [demonic
                  | ancestry]
 21047 | Orc:2    | Reached XP level 13. HP: 101/101 MP: 17/17
 21103 | Orc:2    | Found Apliuleon's Antique Armour Boutique.
 21103 | Orc:2    | Found Xeami's Distillery.
 21104 | Orc:2    | Found Meawis's Weapon Shoppe.
 21104 | Orc:2    | Found Ewil's Food Boutique.
 21124 | Orc:2    | HP: 4/101 [ogre/+0 giant spiked club (18)]
 21138 | Orc:2    | Killed from afar by an ogre mage

Illustrated notes

Levels and vault maps discovered:
D:1:      wander_arrival_lonely_grave, layout_loops_ring, serial_bayou_ford_a,
          minmay_pentomino_t4
D:2:      layout_basic, gammafunk_temple_overflow_pools, lemuel_crystal_altar,
          lemuel_coloured_pillars_altar
D:3:      layout_loops_ring, lemuel_round_altar, first_ration,
          grunt_ministairs_3
D:4:      layout_loops_corners, grunt_gozag_breadcrumbs,
          serial_co_window_serial, co_window_cross_1, co_window_paths_b,
          co_window_corner_a, co_window_corner_a, co_window_paths_a,
          co_window_of_opportunity_b, co_window_corner_ca, co_window_broadway_c,
          co_window_broadway_c, co_window_4corner_a, glass_columns_c,
          glass_columns_a, glass_columns_a, serial_shops, kennysheep_little_box,
          shop
D:5:      minmay_polygon_palace, layout_rooms, basic_altar
D:6:      layout_basic, nicolae_qazlal_general_emergency, kennysheep_mini,
          minmay_temple_entry_overgrown
D:7:      layout_rooms, marbit_many_paths, enter_ossuary_1
D:8:      layout_basic, kennysheep_vampire_church,
          hangedman_little_slice_of_home, kennysheep_just_a_vault
D:9:      layout_rooms, grunt_temple_overflow_bloody_war, lemuel_crystal_altar
D:10:     minmay_angry_zag, layout_loops_cross, due_lair_maze_entry_diamond,
          orc_0_dummy, serial_shops, shop, grunt_decor_mini_mirrors,
          minmay_protected_statue
D:11:     layout_irregular_city, nicolae_trove_entry_diagonal,
          lightli_elemental_guards, uniq_snorg
D:12:     layout_layer_cave, enter_bailey_3, minmay_misc_feat_x,
          kennysheep_generic_room_11
Lair:1:   layout_small_grid, gammafunk_ghost_necromancy, grunt_megastairs_3,
          uniq_sonja
Lair:2:   layout_hall_layers, minmay_shoals_entry_hut, serial_bayou_crossing
Lair:3:   layout_roguey, guppyfry_snake_entry_island, basic_altar,
          uniq_nergalle, uniq_gastronok
Orc:1:    layout_caves, serial_shops, nicolae_shop_stone, shop, shop, shop,
          shop_statue, okawaru_metal_pillars_1_2
Orc:2:    st_orc_ogre_mass, layout_caves, david_defended_altar_orc

Skill      XL: |  1  2  3  4  5  6  7  8  9 10 11 12 13 |
---------------+----------------------------------------+-----
Long Blades    | 3 4 5 6 7 9 10 11 | 11.5
Fighting       | 3 4 8 9 |  9.0
Armour         | 1 2 3 5 6 |  6.2
Dodging        | 3 4 5 8 9 |  9.0
Necromancy     | 3 7 10 | 10.7
Evocations     | 6 |  6.3
Spellcasting   | 2 3 |  3.0
Throwing       | |  1.7

Action                   |  1- 3 |  4- 6 |  7- 9 | 10-12 | 13-15 || total
-------------------------+-------+-------+-------+-------+-------++-------
Melee: Long sword        |    91 |   148 |   387 |   671 |    30 ||  1327
       Kick              |       |       |    70 |   347 |    18 ||   435
       Headbutt          |       |       |       |    19 |       ||    19
Throw: Dart              |       |     4 |     5 |     7 |       ||    16
       Throwing net      |       |       |     2 |     2 |       ||     4
 Cast: Animate Dead      |       |       |       |    38 |     5 ||    43
       Vampiric Draining |       |       |       |    11 |       ||    11
       Animate Skeleton  |       |       |       |     3 |       ||     3
Invok: Receive Corpses   |       |       |     1 |     9 |       ||    10
       Torment           |       |       |       |     2 |       ||     2
Evoke: Wand              |       |       |       |    10 |       ||    10
  Use: Scroll            |       |     6 |     9 |    21 |     2 ||    38
       Potion            |       |       |       |    13 |     1 ||    14
 Stab: Sleeping          |       |     4 |       |       |       ||     4
       Distracted        |       |     1 |       |     1 |       ||     2
       Held in net/web   |       |       |     2 |       |       ||     2
       Paralysed         |       |       |       |     6 |       ||     6
  Eat: Chunk             |     2 |     9 |    13 |    20 |       ||    44
       Ration            |       |     1 |       |    10 |       ||    11
Armor: Leather armour    |    21 |    16 |       |       |       ||    37
       Ring mail         |       |     9 |    72 |    92 |       ||   173
       Troll leather arm |       |       |       |     2 |     2 ||     4
Dodge: Dodged            |    69 |    74 |   241 |   558 |    22 ||   964
Block: Other             |    12 |    31 |   111 |   198 |     5 ||   357
       Rpst.: Long sword |    16 |    27 |    78 |   138 |     4 ||   263
